 Dungeon Crawl Stone Soup version 0.23.2-1-ga50397a6bc (webtiles) character file.

Game seed: 17084710683605022279

570 Menchi the Shield-Bearer (level 7, 0/60 HPs)
             Began as a Gnoll Fighter on May 3, 2019.
             Slain by Thargor's ghost (10 damage)
             ... on level 4 of the Dungeon.
             The game lasted 00:03:55 (3217 turns).

Menchi the Shield-Bearer (Gnoll Fighter)            Turns: 3217, Time: 00:03:56

Health: 0/60       AC:  9    Str: 24    XL:     7   Next: 34%
Magic:  10/10      EV: 10    Int: 11    God:
Gold:   166        SH: 11    Dex: 15    Spells: 10/10 levels left

rFire    . . .     SeeInvis .   a - +0 long sword
rCold    . . .     Gourm    .   c - +0 shield
rNeg     . . .     Faith    .   b - +0 scale mail
rPois    .         Spirit   .   (no helmet)
rElec    .         Reflect  .   (no cloak)
rCorr    .         Harm     .   x - +0 pair of gloves
MR       .....                  (no boots)
Stlth    +.........             (no amulet)
HPRegen  0.20/turn              p - ring of wizardry
MPRegen  0.12/turn              (no ring)

@: mighty
A: distributed training, fangs 1, strong nose
a: no special abilities


You were on level 4 of the Dungeon.
You were not hungry.

You visited 1 branch of the dungeon, and saw 4 of its levels.

You collected 166 gold pieces.

Inventory:

Hand Weapons
 a - a +0 long sword (weapon)
Armour
 b - a +0 scale mail (worn)
 c - a +0 shield (worn)
 x - a +0 pair of gloves (worn)
Jewellery
 p - a ring of wizardry (left hand)
Scrolls
 e - 2 scrolls of enchant armour {unknown}
 h - 2 scrolls of remove curse {unknown}
 l - 2 scrolls of fog {unknown}
 n - 7 scrolls of identify {unknown}
 o - 2 scrolls of blinking {unknown}
 q - a scroll of fear {unknown}
 t - a scroll of teleportation {unknown}
 v - a scroll of magic mapping {unknown}
Potions
 g - a potion of lignification {unknown}
 i - a potion of haste {unknown}
 j - a potion of agility {unknown}
 k - a potion of cancellation {unknown}
 m - 2 potions of flight {unknown}
 r - a potion of curing {unknown}
 s - a potion of brilliance {unknown}
 u - a potion of ambrosia {unknown}
Comestibles
 f - 6 rations
 w - a chunk of flesh


   Skills:
 + Level 7.0 Fighting
 + Level 2.3 Short Blades
 + Level 5.2 Long Blades
 + Level 2.3 Axes
 + Level 2.3 Maces & Flails
 + Level 2.3 Polearms
 + Level 2.3 Staves
 + Level 2.3 Slings
 + Level 2.3 Bows
 + Level 2.3 Crossbows
 + Level 2.3 Throwing
 + Level 7.0 Armour
 + Level 2.3 Dodging
 + Level 2.3 Stealth
 + Level 7.0 Shields
 + Level 2.3 Unarmed Combat
 + Level 2.3 Spellcasting
 + Level 1.9 Conjurations
 + Level 1.9 Hexes
 + Level 1.9 Charms
 + Level 1.9 Summonings
 + Level 1.9 Necromancy
 + Level 1.9 Translocations
 + Level 1.9 Transmutations
 + Level 1.9 Fire Magic
 + Level 1.9 Ice Magic
 + Level 1.9 Air Magic
 + Level 1.9 Earth Magic
 + Level 1.9 Poison Magic
 + Level 2.6 Invocations
 + Level 2.3 Evocations


You had 10 spell levels left.
You didn't know any spells.
Your spell library contained the following spells:

 Spells                   Type           Power        Failure   Level  Hunger
 Confusing Touch          Hex            #.....       32%         1    ##.....
 Confuse                  Hex            #.......     65%         3    ####...
 Gell's Gravitas          Tloc           #.........   65%         3    ####...
 Petrify                  Tmut/Erth      #.......     95%         4    #####..
 Metabolic Englaciation   Hex/Ice        #.........   100%        5    ######.
 Yara's Violent Unravell  Hex/Tmut       #.........   100%        5    ######.


Dungeon Overview and Level Annotations

Branches:
Dungeon (4/15)
 Temple: D:4-7

Altars:
Fedhas
Gozag
Sif Muna
Vehumet

Annotations:
D:3 2 transporters, OmG's ghost, weakling DsAr
D:4 Thargor's ghost, amateur GnGl


Innate Abilities, Weirdness & Mutations

Your experience applies equally to all skills.
You have very sharp teeth.
Your uncanny sense of smell can sniff out nearby items.


Message History

Thargor's ghost hits you but does no damage.
You hit Thargor's ghost. Your bite misses Thargor's ghost.
Thargor's ghost is heavily damaged.
Thargor's ghost hits you.
* * * LOW HITPOINT WARNING * * *
You hit Thargor's ghost but do no damage.
Your bite misses Thargor's ghost.
Thargor's ghost is heavily damaged.
Thargor's ghost hits you but does no damage.
You barely miss Thargor's ghost.
Thargor's ghost is heavily damaged.
You block Thargor's ghost's attack.
You feel very mighty all of a sudden. Thargor's ghost hits you!
* * * LOW HITPOINT WARNING * * *
You hit Thargor's ghost but do no damage.
Your bite misses Thargor's ghost.
Thargor's ghost is heavily damaged.
Thargor's ghost closely misses you. Thargor's ghost hits you!
You die...

...#.....#.......
#+####'###.......
#..#..........#####
...#..........#.).# ##
...#...>......#.≈.# .#
####..........#.≈.# ..#
.....##'##....#$≈.# ..#
.....#...######.W.##..#
.....#...#....##@##...#
.....#...'............#
.....######...##..#####
#'##...†..#...##..#
#..#......#...##..+
+..#......#.......#
#+##......#...#####
^.........#...#
..........#...#


You could see Thargor's ghost.

Vanquished Creatures
  Grinder (D:3)
  An ogre (D:4)
  2 howler monkeys (D:4)
  An orc wizard (D:3)
  2 worker ants (D:4)
  8 adders
  2 dart slugs
  3 leopard geckos
  6 orcs
  A ball python (D:1)
  7 bats
  5 giant cockroaches
  5 hobgoblins
  9 jackals
  3 frilled lizards
  6 goblins
  6 kobolds
  5 rats
73 creatures vanquished.

Vanquished Creatures (others)
  A ghoul (D:1)
  4 minotaurs (D:1)
  A gargoyle (D:1)
  An elf (D:1)
  A troll (D:1)
  2 vampires (D:1)
  A dwarf (D:1)
  An ogre (D:1)
  A centaur (D:1)
  2 orcs (D:1)
  5 tentacles (D:1)
20 creatures vanquished.

Grand Total: 93 creatures vanquished

Notes
Turn   | Place    | Note
-------+----------+-------------------------------------------
     0 | D:1      | Menchi the Gnoll Fighter began the quest for the Orb.
     0 | D:1      | Reached XP level 1. HP: 23/23 MP: 1/1
     2 | D:1      | Noticed a minotaur
     2 | D:1      | Noticed a centaur
     2 | D:1      | Noticed an ogre
     2 | D:1      | Noticed a minotaur
     2 | D:1      | Noticed a minotaur
     2 | D:1      | Noticed a kraken
     2 | D:1      | Noticed a minotaur
     2 | D:1      | Noticed a vampire
     2 | D:1      | Noticed a ghoul
     2 | D:1      | Noticed an elf
     2 | D:1      | Noticed a vampire
     2 | D:1      | Noticed a dwarf
     2 | D:1      | Noticed a gargoyle
     2 | D:1      | Noticed a troll
     4 | D:1      | Killed a minotaur
     7 | D:1      | Killed a minotaur
     8 | D:1      | Killed a centaur
     9 | D:1      | Killed a troll
    10 | D:1      | Killed a ghoul
    10 | D:1      | Killed an ogre
    12 | D:1      | Killed a dwarf
    12 | D:1      | Killed a minotaur
    13 | D:1      | Killed a gargoyle
    14 | D:1      | Killed a minotaur
    14 | D:1      | Killed a vampire
    15 | D:1      | Killed a vampire
    15 | D:1      | Killed an elf
   277 | D:1      | Reached XP level 2. HP: 24/29 MP: 2/2
   637 | D:2      | Reached XP level 3. HP: 35/35 MP: 3/3
   716 | D:2      | Reached skill level 1 in Invocations
   789 | D:2      | Reached skill level 1 in Short Blades
   789 | D:2      | Reached skill level 1 in Axes
   789 | D:2      | Reached skill level 1 in Maces & Flails
   789 | D:2      | Reached skill level 1 in Polearms
   789 | D:2      | Reached skill level 1 in Staves
   789 | D:2      | Reached skill level 1 in Slings
   789 | D:2      | Reached skill level 1 in Bows
   789 | D:2      | Reached skill level 1 in Crossbows
   789 | D:2      | Reached skill level 1 in Throwing
   789 | D:2      | Reached skill level 1 in Dodging
   789 | D:2      | Reached skill level 1 in Stealth
   789 | D:2      | Reached skill level 1 in Unarmed Combat
   789 | D:2      | Reached skill level 1 in Spellcasting
   789 | D:2      | Reached skill level 1 in Evocations
   789 | D:2      | Reached XP level 4. HP: 8/41 MP: 5/5
  1512 | D:3      | Found a radiant altar of Vehumet.
  1663 | D:3      | Reached skill level 1 in Conjurations
  1663 | D:3      | Reached skill level 1 in Hexes
  1663 | D:3      | Reached skill level 1 in Charms
  1663 | D:3      | Reached skill level 1 in Summonings
  1663 | D:3      | Reached skill level 1 in Necromancy
  1663 | D:3      | Reached skill level 1 in Translocations
  1663 | D:3      | Reached skill level 1 in Transmutations
  1663 | D:3      | Reached skill level 1 in Fire Magic
  1663 | D:3      | Reached skill level 1 in Ice Magic
  1663 | D:3      | Reached skill level 1 in Air Magic
  1663 | D:3      | Reached skill level 1 in Earth Magic
  1663 | D:3      | Reached skill level 1 in Poison Magic
  1807 | D:3      | Found a transporter.
  1807 | D:3      | Noticed OmG's ghost (weakling DsAr)
  1808 | D:3      | Found a transporter.
  1947 | D:3      | Found an opulent altar of Gozag.
  1955 | D:3      | Reached XP level 5. HP: 42/47 MP: 6/6
  2004 | D:3      | Found a blossoming altar of Fedhas.
  2077 | D:3      | Found a deep blue altar of Sif Muna.
  2154 | D:3      | Noticed Grinder
  2167 | D:3      | Killed Grinder
  2167 | D:3      | Reached skill level 5 in Long Blades
  2167 | D:3      | Reached XP level 6. HP: 40/53 MP: 6/8
  2984 | D:4      | Reached XP level 7. HP: 49/59 MP: 10/10
  3170 | D:4      | Found a runed translucent door.
  3192 | D:4      | Noticed Thargor's ghost (amateur GnGl)
  3217 | D:4      | Slain by Thargor's ghost

Skill      XL: |  1  2  3  4  5  6  7 |
---------------+----------------------+-----
Invocations    | 1 2 |  2.6
Short Blades   | 1 2 |  2.3
Axes           | 1 2 |  2.3
Maces & Flails | 1 2 |  2.3
Polearms       | 1 2 |  2.3
Staves         | 1 2 |  2.3
Slings         | 1 2 |  2.3
Bows           | 1 2 |  2.3
Crossbows      | 1 2 |  2.3
Throwing       | 1 2 |  2.3
Dodging        | 1 2 |  2.3
Stealth        | 1 2 |  2.3
Unarmed Combat | 1 2 |  2.3
Spellcasting   | 1 2 |  2.3
Evocations     | 1 2 |  2.3
Conjurations   | 1 |  1.9
Hexes          | 1 |  1.9
Charms         | 1 |  1.9
Summonings     | 1 |  1.9
Necromancy     | 1 |  1.9
Translocations | 1 |  1.9
Transmutations | 1 |  1.9
Fire Magic     | 1 |  1.9
Ice Magic      | 1 |  1.9
Air Magic      | 1 |  1.9
Earth Magic    | 1 |  1.9
Poison Magic   | 1 |  1.9
Long Blades    | 5 |  5.2
Fighting       | 7 |  7.0
Armour         | 7 |  7.0
Shields        | 7 |  7.0

Action                   |  1- 3 |  4- 6 |  7- 9 || total
-------------------------+-------+-------+-------++-------
Melee: Long sword        |    83 |   133 |    31 ||   247
       Bite              |     7 |    13 |     3 ||    23
  Use: Potion            |       |       |     1 ||     1
  Eat: Chunk             |       |     6 |     2 ||     8
Armor: Scale mail        |    31 |    48 |     5 ||    84
Dodge: Dodged            |    23 |    44 |     9 ||    76
Block: Shield            |    39 |    73 |    10 ||   122
       Rpst.: Long sword |     5 |    14 |     2 ||    21
